 Dungeon Crawl Stone Soup version 0.21.1-1-g345015f (webtiles) character file.

694 empire the Carver (level 7, -9/59 HPs)
             Began as a Minotaur Fighter on June 12, 2018.
             Was a Believer of Cheibriados.
             Mangled by an orc warrior
             ... wielding a +0 glaive
              (24 damage)
             ... on level 5 of the Dungeon.
             The game lasted 00:06:07 (2667 turns).

empire the Carver (Minotaur Fighter)                Turns: 2667, Time: 00:06:07

Health: -9/59      AC:  7    Str: 26    XL:     7   Next: 37%
Magic:  6/6        EV:  7    Int: 10    God:    Cheibriados [**....]
Gold:   222        SH: 11    Dex: 16    Spells: 6/6 levels left

rFire    + . .     SeeInvis .   a - +1 long sword
rCold    + . .     Gourm    .   c - +1 shield
rNeg     . . .     Faith    .   b - +0 scale mail
rPois    +         Spirit   .   (helmet restricted)
rElec    +         Reflect  .   m - scarf {cloud immunity}
rCorr    +         Harm     .   (no gloves)
MR       .....                  (no boots)
Stlth    ..........             (no amulet)
HPRegen  0.19/turn              (no ring)
MPRegen  0.10/turn              (no ring)

@: resistant, very slow
A: retaliatory headbutt, horns 2
a: Bend Time, Renounce Religion


You were on level 5 of the Dungeon.
You worshipped Cheibriados.
Cheibriados was pleased with you.
You were not hungry.

You visited 2 branches of the dungeon, and saw 6 of its levels.

You collected 222 gold pieces.

Inventory:

Hand Weapons
 a - a +1 long sword (weapon)
Missiles
 d - 2 javelins (quivered)
Armour
 b - a +0 scale mail (worn)
 c - a +1 shield (worn)
 m - a scarf of cloud immunity (worn)
Jewellery
 u - an uncursed ring of stealth
Scrolls
 g - a scroll of random uselessness {unknown}
 i - a scroll of blinking
 o - a scroll of identify
Potions
 e - a potion of mutation
 j - a potion of berserk rage {unknown}
 k - a potion of flight {unknown}
 l - 3 potions of curing
 n - a potion of brilliance {unknown}
 q - a potion of ambrosia {unknown}
 s - a potion of resistance
 t - 2 potions of agility {unknown}
Comestibles
 f - 8 rations
 h - 2 chunks of flesh


   Skills:
 - Level 4.0 Fighting
 + Level 9.6 Long Blades
 - Level 4.0 Armour
 - Level 4.0 Shields


You had 6 spell levels left.
You didn't know any spells.

Dungeon Overview and Level Annotations

Branches:
Dungeon (5/15)             Temple (1/1) D:4

Altars:
Cheibriados
Dithmenos
Elyvilon
Fedhas
Gozag
Hepliaklqana
Kikubaaqudgha
Makhleb
Okawaru
Qazlal
Ru
Sif Muna
Trog
Uskayaw
Vehumet
Wu Jian
Xom
Yredelemnul
Zin

Shops:
D:4 (


Innate Abilities, Weirdness & Mutations

You reflexively headbutt those who attack you in melee.
You have a pair of horns on your head.


Message History

The orc hits you with a mace.
* * * LOW HITPOINT WARNING * * *
You slash the orc warrior!
The orc warrior is severely wounded.
You block the orc's attack. The orc warrior hits you with a glaive!
* * * LOW HITPOINT WARNING * * *
You feel much better. The orc hits you with a mace.
You hit the orc warrior but do no damage.
You headbutt the orc warrior.
The orc warrior is severely wounded.
You slash the orc!
You kill the orc!
Cheibriados thoroughly appreciates the change of pace.
The orc warrior hits you with a glaive!
* * * LOW HITPOINT WARNING * * *
You slice the orc!!
You kill the orc!
Cheibriados appreciates the change of pace.
The orc warrior hits you with a glaive!!
You die...

#....#
#..#####.##.###
#.............#
#..######.###.#
## ##.##.#
#..###.# #
###$.)#.#
##..8##.##
#.8..o@#.#
#....)####
....((. .#..###
#. #


You could see an orc warrior.

Vanquished Creatures
  The ghost of Drak the Slasher, an amateur DDMo (D:4)
  A phantom (D:4)
  4 hounds
  2 orc priests (D:5)
  An orc wizard (D:5)
  2 worker ants (D:4)
  A hound skeleton (D:4)
  9 adders
  4 oozes
  4 worms
  3 leopard geckos
  10 orcs
  2 giant cockroaches
  8 goblins
  10 hobgoblins
  4 jackals (D:1)
  A quokka (D:2)
  3 bats
  6 frilled lizards
  9 kobolds
  11 rats
96 creatures vanquished.

Notes
Turn   | Place    | Note
-------+----------+-------------------------------------------
     0 | D:1      | empire the Minotaur Fighter began the quest for the Orb.
     0 | D:1      | Reached XP level 1. HP: 19/19 MP: 0/0
    43 | D:1      | Reached XP level 2. HP: 27/27 MP: 1/1
   184 | D:1      | Reached skill level 3 in Long Blades
   212 | D:1      | Reached XP level 3. HP: 32/33 MP: 2/2
   705 | D:2      | Reached skill level 4 in Long Blades
   795 | D:2      | Found a snail-covered altar of Cheibriados.
   813 | D:2      | Became a worshipper of Cheibriados the Contemplative
   845 | D:2      | Reached XP level 4. HP: 40/40 MP: 3/3
  1314 | D:3      | Reached skill level 5 in Long Blades
  1325 | D:3      | Reached * piety under Cheibriados
  1407 | D:3      | Reached XP level 5. HP: 41/46 MP: 4/4
  1469 | D:3      | Found a white marble altar of Elyvilon.
  1678 | D:4      | Found a staircase to the Ecumenical Temple.
  1687 | Temple   | Entered the Ecumenical Temple
  1989 | D:4      | Reached skill level 6 in Long Blades
  2063 | D:4      | Noticed an angel
  2064 | D:4      | Found a glowing silver altar of Zin.
  2099 | D:4      | Found a shadowy altar of Dithmenos.
  2121 | D:4      | Noticed Drak's ghost (amateur DDMo)
  2128 | D:4      | Killed Drak's ghost
  2128 | D:4      | Reached ** piety under Cheibriados
  2128 | D:4      | Reached skill level 7 in Long Blades
  2128 | D:4      | Reached XP level 6. HP: 46/52 MP: 5/5
  2256 | D:4      | Reached skill level 8 in Long Blades
  2276 | D:4      | Found Riadd's Weapon Emporium.
  2296 | D:4      | Reached XP level 7. HP: 58/59 MP: 6/6
  2380 | D:4      | Reached skill level 9 in Long Blades
  2517 | D:5      | Entered Level 5 of the Dungeon
  2663 | D:5      | HP: 2/59 [orc warrior/glaive (13)]
  2667 | D:5      | Mangled by an orc warrior

Skill      XL: |  1  2  3  4  5  6  7 |
---------------+----------------------+-----
Fighting       | 4 |  4.0
Armour         | 4 |  4.0
Long Blades    | 3 4 5 7 8 9 |  9.6
Shields        | 4 |  4.0

Action                   |  1- 3 |  4- 6 |  7- 9 || total
-------------------------+-------+-------+-------++-------
Melee: Long sword        |    72 |   114 |    36 ||   222
       Headbutt          |     8 |    36 |    13 ||    57
  Use: Scroll            |       |    10 |       ||    10
       Potion            |       |     1 |     3 ||     4
  Eat: Chunk             |       |     3 |     1 ||     4
Armor: Scale mail        |    35 |    49 |     6 ||    90
Dodge: Dodged            |    20 |    33 |     4 ||    57
Block: Shield            |    33 |    53 |    16 ||   102
       Rpst.: Long sword |     8 |    11 |     2 ||    21
